AoeStats
← Charles Caballero

Arabia

507181300Analyzed
4v4 RM · 16d ago on Sep 17, 2026· 25m 57s· 8 players
Game mode
Random Map
Map size
Large (8 player)
Population
200
Speed
Normal
Resources
Standard
Victory
Conquest
Starting age
Dark Age
Ending age
Imperial Age
RankedLock teamsTeams togetherTeam positionsShared explorationLock speedFull tech treeHidden civsTurbo modeCheats
Victory
Defeat
🇺🇸 Hindustanis · United States
1044
+13
🇺🇸 Tatars · United States
1039
+13
🇯🇵 Romans · Japan
959
+17
🇺🇸 Georgians · United States
938
+18
🇨🇴 Celts · Colombia
1035
-17
🇺🇸 Franks · United States
1019
-17
🇺🇸 Inca · United States
966
-15
🇨🇴 Georgians · Colombia
889
-12
akjamesm49
8:19 Loom
10:54 Feudal Age
16:02 Castle Age
The Dog Father_北美狗父亲
11:19 Feudal Age
9:36 Loom
21:07 Castle Age
19:53 Double-Bit Axe
20:56 Scale Barding Armor
24:20 Pikeman
Charles Caballero
2:53 Loom
12:29 Feudal Age
19:38 Horse Collar
24:09 Castle Age
26:01 Heavy Plow
Captain10
8:21 Loom
12:56 Feudal Age
18:32 Double-Bit Axe
23:44 Castle Age
22:57 Scale Mail Armor
23:08 Forging
23:42 Fletching
24:59 Wheelbarrow
25:06 Wheelbarrow
24:53 Bow Saw
24:23 Pikeman
25:25 Chain Mail Armor
RecedingWoodLine
7:00 Loom
9:44 Feudal Age
10:13 Double-Bit Axe
10:44 Town Watch
10:43 Horse Collar
17:47 Wheelbarrow
21:43 Castle Age
21:24 Gold Mining
22:09 Fletching
22:20 Padded Archer Armor
23:08 Bloodlines
23:02 Bodkin Arrow
24:42 Husbandry
24:44 Padded Archer Armor
KnicksIn5
9:37 Feudal Age
11:23 Loom
11:35 Double-Bit Axe
23:28 Castle Age
21:19 Horse Collar
21:46 Gold Mining
24:42 Castle Age
22:57 Bloodlines
22:59 Scale Barding Armor
23:44 Padded Archer Armor
Lo Elo Dummy
7:24 Loom
9:29 Feudal Age
10:42 Double-Bit Axe
19:32 Castle Age
17:56 Horse Collar
18:24 Scale Barding Armor
18:52 Gold Mining
19:14 Forging
20:25 Bloodlines
22:28 Husbandry
LWwcnm
10:51 Feudal Age
10:53 Man-at-Arms
12:15 Horse Collar
17:48 Scale Mail Armor
23:07 Castle Age
22:24 Forging
22:14 Double-Bit Axe
22:23 Gold Mining
23:38 Pikeman
24:57 Stone Mining
Connection lost

Rejoining the realm…

Still unreachable

The connection could not be restored.

Session expired

The server has moved on; the page needs a fresh start.